 Dungeon Crawl Stone Soup version 0.29-a0-320-g9f8742066b (webtiles) character file.

Game seed: 4803065805512203655

32 Crownlay the Digger (level 3, -1/19 HPs)
             Began as a Gargoyle Earth Elementalist on Apr 2, 2022.
             Slain by an ice beast (10 damage)
             ... on level 3 of the Dungeon.
             The game lasted 00:01:45 (1542 turns).

Crownlay the Digger (Gargoyle Earth Elementalist)   Turns: 1542, Time: 00:01:45

Health: -1/19      AC:  5    Str: 11    XL:     3   Next: 27%
Magic:  10/16      EV: 12    Int: 17    God:
Gold:   148        SH:  0    Dex: 16    Spells: 7/8 levels left

rFire   . . .      SeeInvis .   e - +0 hunting sling
rCold   . . .      Faith    .   (no shield)
rNeg    + . .      Spirit   .   b - +0 robe
rPois   ∞          Reflect  .   (no helmet)
rElec   +          Harm     .   (no cloak)
rCorr   .          Rampage  .   (no gloves)
Will    .....                   (no boots)
Stlth   ++........              (no amulet)
HPRegen 0.06/turn               h - +6 ring of dexterity
MPRegen 0.15/turn               k - ring of magical power

@: no status effects
A: sickness immunity, AC +3, negative energy resistance 1, electricity
resistance, torment resistance 1, petrification resistance
a: no special abilities


You were on level 3 of the Dungeon.
You visited 1 branch of the dungeon, and saw 3 of its levels.

You collected 148 gold pieces.

Inventory:

Hand Weapons
 d - a +0 dagger
 e - a +0 hunting sling (weapon)
 f - a +1 mace of holy wrath
Missiles
 a - 72 stones
Armour
 b - a +0 robe (worn)
Jewellery
 h - a +6 ring of dexterity (left hand)
 k - a ring of magical power (right hand)
 l - a ring of protection from fire
Scrolls
 g - a scroll of vulnerability {unknown}
 j - a scroll of fog {unknown}
Potions
 c - a potion of magic
 i - a potion of cancellation {unknown}
 m - a potion of degeneration {unknown}
 n - a potion of berserk rage {unknown}


   Skills:
 - Level 1.5 Dodging
 - Level 2.1 Stealth
 * Level 3.0 Spellcasting
 - Level 0.7 Transmutations
 + Level 4.1 Earth Magic


You had 7 spell levels left.
You knew the following spells:

 Your Spells              Type           Power      Damage    Failure   Level
a - Sandblast             Erth           32%        2d9       3%          1

Your spell library contained the following spells:

 Spells                   Type           Power      Damage    Failure   Level
 Passwall                 Tmut/Erth      8%         N/A       10%         2
 Stone Arrow              Conj/Erth      18%        3d8       22%         3
 Confusing Touch          Hex            2%         N/A       45%         3
 Petrify                  Tmut/Erth      10%        N/A       54%         4
 Yara's Violent Unravell  Hex/Tmut       1%         3d3       99%         5
 Enfeeble                 Hex            1%         N/A       100%        7


Dungeon Overview and Level Annotations

Branches:
Dungeon (3/15)

Altars:


Innate Abilities, Weirdness & Mutations

You are immune to sickness and miasma.
Your stone body is resilient. (AC +3)
You are immune to poison.
You resist negative energy. (rN+)
You are resistant to electric shocks. (rElec)
You are resistant to unholy torment.
You are immune to petrification.


Message History

Item here: a rat corpse.
The floor.
Unknown command.
Casting: Sandblast (safe; 3% risk of failure)
Confirm with . or Enter, or press ? or * to list all spells.
Aiming: Sandblast (safe; 3% risk of failure)
Press: ? - help, Shift-Dir - straight line, f/p - ice beast
Aim: an ice beast (moderately wounded, 79% to hit)
The blast of sand misses the ice beast.
a - 75 stones The ice beast barely misses you.
Casting: Sandblast (safe; 3% risk of failure)
Confirm with . or Enter, or press ? or * to list all spells.
Aiming: Sandblast (safe; 3% risk of failure)
Press: ? - help, Shift-Dir - straight line, f/p - ice beast
Aim: an ice beast (moderately wounded, 79% to hit)
The blast of sand hits the ice beast but does no damage.
The ice beast is moderately wounded.
a - 74 stones The ice beast hits you but does no damage.
Casting: Sandblast (safe; 3% risk of failure)
Confirm with . or Enter, or press ? or * to list all spells.
Aiming: Sandblast (safe; 3% risk of failure)
Press: ? - help, Shift-Dir - straight line, f/p - ice beast
Aim: an ice beast (moderately wounded, 79% to hit)
The blast of sand hits the ice beast but does no damage.
The ice beast is moderately wounded.
a - 73 stones The ice beast hits you.
The ice beast freezes you!
Casting: Sandblast (safe; 3% risk of failure)
Confirm with . or Enter, or press ? or * to list all spells.
Aiming: Sandblast (safe; 3% risk of failure)
Press: ? - help, Shift-Dir - straight line, f/p - ice beast
Aim: an ice beast (moderately wounded, 79% to hit)
The blast of sand hits the ice beast but does no damage.
The ice beast is moderately wounded.
a - 72 stones The ice beast hits you.
The ice beast freezes you!
Ouch! That really hurt!
You die...

#....# #....#
#....#####
#.....$...
#.........
#......... #####
#......... #...#
#.@Y......
#.#.###....#....
#.#........# .
#.########## #[#
#.# #.# #.# #.#


You could see an ice beast.

Vanquished Creatures
  A dart slug (D:1)
  2 bats
  6 endoplasms
  2 giant cockroaches
  2 goblins (D:2)
  A hobgoblin (D:1)
  4 kobolds
  A quokka (D:2)
  3 ball pythons
  4 rats
26 creatures vanquished.

Notes
Turn   | Place    | Note
-------+----------+-------------------------------------------
     0 | D:1      | Crownlay the Gargoyle Earth Elementalist began the quest
                  | for the Orb.
     0 | D:1      | Reached XP level 1. HP: 10/10 MP: 3/3
   474 | D:1      | Reached XP level 2. HP: 15/15 MP: 5/5
   537 | D:1      | Found a faded altar of an unknown god.
   741 | D:1      | Reached skill level 4 in Earth Magic
  1177 | D:2      | Reached XP level 3. HP: 19/19 MP: 7/7
  1535 | D:3      | Noticed an ice beast
  1542 | D:3      | Slain by an ice beast

Illustrated notes

Levels and vault maps discovered:
D:1:      dpeg_arrival_rooms_with_view, layout_loops_ring,
          hellmonk_ecumenical_altar_inner_sanctum
D:2:      layout_rooms, minmay_tripent
D:3:      layout_basic, minmay_misc_feat_doors

Skill      XL: |  1  2  3 |
---------------+----------+-----
Earth Magic    | 4 |  4.1
Spellcasting   | 3 |  3.0
Dodging        | |  1.5
Stealth        | |  2.1
Transmutations | |  0.7

Action                   || total
-------------------------++-------
Melee: Dagger            ||    19
 Fire: Hunting sling     ||    67
 Cast: Sandblast         ||    12
Armor: Robe              ||    20
Dodge: Dodged            ||    34

Table legend: (Time is in decaauts)
 A = Elapsed time spent in this place.
 B = Non-inter-level travel time spent in this place.
 C = Inter-level travel time spent in this place.
 D = Time resting spent in this place.
 E = Time spent auto-exploring this place.
 F = Levels seen in this place.
 G = Mean time per level.
                   A        B        C        D        E       F      G
               +--------+--------+--------+--------+--------+-----+--------+
         Total |   1572 |   1529 |     43 |      0 |   1313 |   3 |  524.0 |
       Dungeon |   1572 |   1529 |     43 |      0 |   1313 |   3 |  524.0 |
               +--------+--------+--------+--------+--------+-----+--------+

Top non-repeatable levels by time:
     D:1: 1057 daAuts
     D:2: 483 daAuts
     D:3: 31 daAuts
